 Dungeon Crawl Stone Soup version 0.20.1-1-g8b1a95d (webtiles) character file.

98 MovingMist the Skirmisher (level 4, -1/29 HPs)
             Began as a Gargoyle Fighter on Nov 21, 2017.
             Killed from afar by an orc wizard (3 damage)
             ... with a magic dart
             ... on level 3 of the Dungeon.
             The game lasted 00:04:02 (2100 turns).

MovingMist the Skirmisher (Gargoyle Fighter)        Turns: 2100, Time: 00:04:03

Health: -1/29      AC: 12    Str: 22    XL:     4   Next: 69%
Magic:  4/4        EV:  6    Int:  9    God:
Gold:   92         SH:  9    Dex: 10    Spells: 3/3 levels left

rFire    . . .     SeeInvis .   a - +0 flail
rCold    . . .     Gourm    .   c - +0 shield
rNeg     + . .     Faith    .   l - +0 chain mail
rPois    ∞         Spirit   .   (no helmet)
rElec    +         Reflect  .   (no cloak)
rCorr    .         Harm     .   (no gloves)
MR       .....                  (no boots)
Stlth    ..........             (no amulet)
Regen    0.1/turn               e - +3 ring of strength
MPRegen  0.1/turn               (no ring)

@: very slightly contaminated, invisible
A: negative energy resistance 1, electricity resistance, unbreathing,
petrification resistance, rot immunity, AC +3
a: no special abilities


You were on level 3 of the Dungeon.
You were not hungry.

You visited 1 branch of the dungeon, and saw 3 of its levels.

You collected 92 gold pieces.

Inventory:

Hand Weapons
 a - a +0 flail (weapon)
Armour
 c - a +0 shield (worn)
 l - a +0 chain mail (worn)
Jewellery
 e - a +3 ring of strength (left hand)
Scrolls
 g - a scroll of enchant armour {unknown}
 h - a scroll of random uselessness {unknown}
 i - 5 scrolls of identify {unknown}
 j - 6 scrolls of teleportation
 k - a scroll of blinking {unknown}
Potions
 b - a potion of berserk rage {unknown}
 d - a potion of might
 m - a potion of brilliance {unknown}
 n - a potion of magic {unknown}
 o - a potion of curing {unknown}
 q - a potion of heal wounds {unknown}
Comestibles
 f - 2 bread rations
 p - a royal jelly


   Skills:
 + Level 3.9 Fighting
 + Level 2.6 Maces & Flails
 + Level 3.7 Armour
 * Level 2.1 Dodging
 - Level 3.2 Shields


You had 3 spell levels left.
You didn't know any spells.

Dungeon Overview and Level Annotations

Branches:
Dungeon (3/15)

Altars:
Gozag
Nemelex Xobeh
Uskayaw
Vehumet
Xom
Zin


Innate Abilities, Weirdness & Mutations

You are resistant to torment.
Your stone body is resilient. (AC +3)
You are immune to poison.
You resist negative energy. (rN+)
You are resistant to electric shocks. (rElec)
You can survive without breathing.
You are immune to petrification.
You are immune to rotting.


Message History

You bump into the rock wall.
Something hits you but does no damage.
You bump into the rock wall.
You hear some strange, mumbled words.
A magic dart appears from out of thin air!
The magic dart hits you!
You closely miss something.
You feel less confused.
You hear some strange, mumbled words.
A magic dart appears from out of thin air!
The magic dart hits you!
* * * LOW HITPOINT WARNING * * *
Something hits you but does no damage.
You closely miss something. Something hits you but does no damage.
Your shield prevents you from hitting something.
Something hits you but does no damage.
You miss something.
You hear some strange, mumbled words.
A magic dart appears from out of thin air!
The magic dart hits you!
You die...

### #.#########
#.........#### ###
#.......){@..#
..#####..######)##.#
................# #
#..####..######.#
......#.(# ..#
#..##.#..# #.# #..#
#..# #.# #..# #...
... #... .....


There were no monsters in sight!

Vanquished Creatures
  An orc wizard (D:3)
  2 adders (D:2)
  A worm (D:2)
  2 dart slugs
  A leopard gecko (D:1)
  6 orcs (D:3)
  5 bats
  2 hobgoblins
  2 jackals (D:1)
  3 kobolds
  A quokka (D:3)
  3 frilled lizards
  5 goblins
  5 rats
39 creatures vanquished.

Notes
Turn   | Place    | Note
-------+----------+-------------------------------------------
     0 | D:1      | MovingMist the Gargoyle Fighter began the quest for the Orb.
     0 | D:1      | Reached XP level 1. HP: 14/14 MP: 1/1
   218 | D:1      | Reached XP level 2. HP: 18/19 MP: 2/2
   396 | D:1      | Reached skill level 1 in Dodging
   998 | D:2      | Reached XP level 3. HP: 23/23 MP: 3/3
  1002 | D:2      | Found an opulent altar of Gozag.
  1058 | D:2      | Found a radiant altar of Vehumet.
  1060 | D:2      | Found a hide-covered altar of Uskayaw.
  1060 | D:2      | Found a glowing silver altar of Zin.
  1073 | D:2      | Found a shimmering altar of Xom.
  1075 | D:2      | Found a sparkling altar of Nemelex Xobeh.
  1727 | D:3      | Reached XP level 4. HP: 21/29 MP: 4/4
  2097 | D:3      | HP: 1/29 [something/magic dart (2)]
  2100 | D:3      | Killed from afar by an orc wizard

Skill      XL: |  1  2  3 |
---------------+----------+-----
Dodging        | 1 2 |  2.1
Fighting       | |  3.9
Maces & Flails | |  2.6
Armour         | |  3.7
Shields        | |  3.2

Action                   |  1- 3 |  4- 6 || total
-------------------------+-------+-------++-------
Melee: Flail             |   142 |    62 ||   204
  Use: Scroll            |     1 |       ||     1
       Potion            |       |     1 ||     1
  Eat: Chunk             |     2 |     2 ||     4
Armor: Scale mail        |    26 |       ||    26
       Chain mail        |    69 |    46 ||   115
Dodge: Dodged            |    52 |    11 ||    63
Block: Shield            |    76 |    20 ||    96
